 Dungeon Crawl Stone Soup version 0.20.0-10-g0535bb4 (webtiles) character file.

295 kuniqs the Covered (level 6, 0/39 HPs)
             Began as a Gargoyle Fighter on June 3, 2017.
             Slain by a centaur skeleton (5 damage)
             ... on level 4 of the Dungeon.
             The game lasted 00:03:55 (2758 turns).

kuniqs the Covered (Gargoyle Fighter)               Turns: 2758, Time: 00:03:56

Health: 0/39       AC: 15    Str: 19    XL:     6   Next: 34%
Magic:  6/6        EV:  6    Int:  9    God:
Gold:   144        SH:  9    Dex: 11    Spells: 5/5 levels left

rFire    . . .     SeeInvis .   a - +0 flail
rCold    . . .     Gourm    .   c - +0 shield
rNeg     + . .     Faith    .   k - +0 chain mail
rPois    ∞         Spirit   .   p - +0 helmet
rElec    +         Reflect  .   (no cloak)
rCorr    .         Harm     .   (no gloves)
MR       .....                  (no boots)
Stlth    ..........             (no amulet)
Regen    0.2/turn               (no ring)
MPRegen  0.1/turn               (no ring)

@: no status effects
A: negative energy resistance 1, electricity resistance, unbreathing,
petrification resistance, rot immunity, AC +4
a: no special abilities


You were on level 4 of the Dungeon.
You were not hungry.

You visited 1 branch of the dungeon, and saw 4 of its levels.

You collected 144 gold pieces.

Inventory:

Hand Weapons
 a - a +0 flail (weapon)
Armour
 c - a +0 shield (worn)
 k - a +0 chain mail (worn)
 p - a +0 helmet (worn)
Scrolls
 g - a scroll of enchant weapon {unknown}
 h - 2 scrolls of remove curse {unknown}
 l - a scroll of magic mapping {unknown}
 m - a scroll of identify {unknown}
 n - 2 scrolls of teleportation {unknown}
 q - a scroll of enchant armour {unknown}
Potions
 b - 2 potions of lignification {unknown}
 i - a potion of mutation {unknown}
 j - 2 potions of heal wounds {unknown}
 s - a potion of might
 t - a potion of curing {unknown}
Comestibles
 d - 6 bread rations
 e - 3 meat rations
 f - 3 fruits
 o - 3 chunks of flesh
 r - a royal jelly


   Skills:
 + Level 4.4 Fighting
 + Level 3.1 Maces & Flails
 + Level 4.6 Armour
 + Level 2.2 Dodging
 + Level 4.3 Shields


You had 5 spell levels left.
You didn't know any spells.

Dungeon Overview and Level Annotations

Branches:
Dungeon (4/15)
 Temple: D:4-7

Altars:
Ashenzari
Cheibriados
Gozag
Hepliaklqana
Okawaru
Uskayaw

Annotations:
D:4 Grinder


Innate Abilities, Weirdness & Mutations

You are resistant to torment.
Your stone body is resilient. (AC +4)
You are immune to poison.
You resist negative energy. (rN+)
You are resistant to electric shocks. (rElec)
You can survive without breathing.
You are immune to petrification.
You are immune to rotting.


Message History

The orc hits you but does no damage.
The centaur skeleton hits you but does no damage.
The orc hits you but does no damage.
You can move again.
Unknown command.
The centaur skeleton hits you but does no damage.
Grinder blinks!
The centaur skeleton hits you but does no damage.
You open the door.
The centaur skeleton hits you but does no damage.
There is an open door here.
You hit the centaur skeleton.
The centaur skeleton is lightly damaged.
The centaur skeleton hits you but does no damage.
You block the centaur skeleton's attack.
You sock the centaur skeleton!
The centaur skeleton is heavily damaged.
The centaur skeleton hits you but does no damage.
The centaur skeleton hits you.
You die...

###### # .....#
######### ####...#
........# #oZ@...#
...<....# #o##...#
........# #.# .....#
........######o# ...###
........##.....# ...'.
........''.....#....###
........##....#.o...#
........####....####..
........+ +...>.?#


You could see 2 orcs and a centaur skeleton.

Vanquished Creatures
  Duvessa (D:4)
  Dowan (D:4)
  Robin (D:2)
  3 adders (D:3)
  6 worms
  3 dart slugs
  2 leopard geckos (D:2)
  7 orcs (D:3)
  5 giant cockroaches
  14 goblins
  7 hobgoblins
  3 jackals (D:1)
  9 kobolds
  A quokka (D:2)
  A ball python (D:1)
  6 bats
  4 frilled lizards
  4 rats
78 creatures vanquished.

Notes
Turn   | Place    | Note
-------+----------+-------------------------------------------
     0 | D:1      | kuniqs the Gargoyle Fighter began the quest for the Orb.
     0 | D:1      | Reached XP level 1. HP: 14/14 MP: 1/1
    22 | D:1      | Reached XP level 2. HP: 17/19 MP: 2/2
   280 | D:1      | Reached skill level 1 in Dodging
   334 | D:1      | Reached XP level 3. HP: 23/23 MP: 3/3
  1383 | D:2      | Found an opulent altar of Gozag.
  1386 | D:2      | Found a snail-covered altar of Cheibriados.
  1393 | D:2      | Found a hazy altar of Hepliaklqana.
  1396 | D:2      | Found an iron altar of Okawaru.
  1447 | D:2      | Found a hide-covered altar of Uskayaw.
  1493 | D:2      | Reached XP level 4. HP: 26/28 MP: 4/4
  1505 | D:2      | Noticed Robin
  1525 | D:2      | Killed Robin
  1757 | D:3      | Found a shattered altar of Ashenzari.
  1877 | D:3      | Reached XP level 5. HP: 33/33 MP: 5/5
  1951 | D:3      | Found a faded altar of an unknown god.
  2355 | D:4      | Noticed Duvessa
  2396 | D:4      | Killed Duvessa
  2396 | D:4      | Reached XP level 6. HP: 25/38 MP: 6/6
  2413 | D:4      | Noticed Dowan
  2544 | D:4      | Killed Dowan
  2713 | D:4      | Noticed Grinder
  2719 | D:4      | Paralysed by Grinder for 2 turns
  2733 | D:4      | Paralysed by Grinder for 2 turns
  2737 | D:4      | Paralysed by Grinder for 4 turns
  2745 | D:4      | Paralysed by Grinder for 5 turns
  2758 | D:4      | Slain by a centaur skeleton

Skill      XL: |  1  2  3  4  5 |
---------------+----------------+-----
Dodging        | 1 2 |  2.2
Armour         | 4 |  4.6
Fighting       | 4 |  4.4
Maces & Flails | 3 |  3.1
Shields        | 4 |  4.3

Action                   |  1- 3 |  4- 6 || total
-------------------------+-------+-------++-------
Melee: Flail             |   148 |   180 ||   328
  Eat: Chunk             |     2 |     5 ||     7
Armor: Scale mail        |    53 |       ||    53
       Chain mail        |    58 |   121 ||   179
Dodge: Dodged            |    36 |    35 ||    71
Block: Shield            |   103 |    86 ||   189
